 Dungeon Crawl Stone Soup version 0.29.1-15-g9cfb28693d (webtiles) character file.

Game seed: 9541386989030056766

17 hawla the Conjurer (level 2, 0/11 HPs)
             Began as a Felid Conjurer on Apr 10, 2023.
             Frozen to death by an endoplasm (2 damage)
             ... on level 1 of the Dungeon.
             The game lasted 00:01:33 (1171 turns).

hawla the Conjurer (Felid Conjurer)                 Turns: 1171, Time: 00:01:34

Health: 0/11       AC:  1    Str:  3    XL:     2   Next: 44%
Magic:  5/6        EV: 17    Int: 19    God:
Gold:   36         SH:  0    Dex: 14    Spells: 2/5 levels left
                                        Lives:  0   Deaths: 0

rFire   . . .      SeeInvis +   (weapon unavailable)
rCold   . . .      Faith    .   (shield unavailable)
rNeg    . . .      Spirit   .   (body armour unavailable)
rPois   .          Reflect  .   (helmet unavailable)
rElec   .          Harm     .   (cloak unavailable)
rCorr   .          Rampage  .   (gloves unavailable)
Will    .....                   (boots unavailable)
Stlth   ++........              (no amulet)
HPRegen 0.03/turn               (no ring)
MPRegen 0.10/turn               (no ring)

@: quick
A: very small, claws 1, fangs 3, see invisible, speed 1, shaggy fur 1, stealthy
paws, no weapons or thrown items, no armour, multi-lived
a: no special abilities


You were on level 1 of the Dungeon.
You visited 1 branch of the dungeon, and saw 1 of its levels.

You collected 36 gold pieces.

Inventory:

Scrolls
 b - a scroll of identify {unknown}
Potions
 a - a potion of magic
 c - a potion of mutation {unknown}
 d - a potion of haste {unknown}
 e - a potion of flight {unknown}


   Skills:
 + Level 2.7 Dodging
 + Level 3.1 Stealth
 + Level 0.4 Unarmed Combat
 + Level 2.0 Spellcasting
 + Level 4.0 Conjurations


You had 2 spell levels left.
You knew the following spells:

 Your Spells              Type           Power      Damage    Failure   Level
a - Magic Dart            Conj           68%        1d6       3%          1
b - Searing Ray           Conj           34%        2d5       4%          2

Your spell library contained the following spells:

 Spells                   Type           Power      Damage    Failure   Level
 Dazzling Flash           Conj/Hex       18%        N/A       22%         3
 Fulminant Prism          Conj/Hex       4%         3d6       58%         4
 Iskenderun's Mystic Bla  Conj/Tloc      9%         2d4       58%         4


Dungeon Overview and Level Annotations

Branches:
Dungeon (1/15)

Altars:

Shops:
D:1 *


Innate Abilities, Weirdness & Mutations

You have sharp claws.
You have razor-sharp teeth.
You have supernaturally acute eyesight. (SInv)
You cover ground quickly. (Speed+)
You are covered in fur. (AC +1)
Your paws help you pounce on unaware monsters.
You are incapable of wielding weapons or throwing items.
You cannot wear armour.
You gain extra lives every three experience levels.


Message History

The helpless goblin fails to defend itself.
You scratch the goblin.
You kill the goblin!
Things that are here:
a +0 club; a goblin corpse You open the door.
A bat comes into view.
There is an open door here.
You pounce on the unaware helpless bat!
You scratch the bat.
You kill the bat!
Found a mace.
You now have enough gold to buy a scroll of teleportation on this level.
You can access your shopping list by pressing '$'.
You now have 36 gold pieces (gained 14).
Found a stone staircase leading down.
There is a stone staircase leading down here.
A goblin and an endoplasm come into view.
The goblin shouts!
The endoplasm quivers.
The endoplasm hits you but does no damage.
You barely miss the endoplasm. The endoplasm freezes you.
You are frozen.
You scratch the endoplasm.
You claw the endoplasm, but do no damage.
The endoplasm is heavily wounded.
The endoplasm freezes you.
You are frozen.
* * * LOW HITPOINT WARNING * * *
You are too injured to fight recklessly!
Casting: Magic Dart (safe; 3% risk of failure)
Confirm with . or Enter, or press ? or * to list all spells.
Aiming: Magic Dart (safe; 3% risk of failure)
Press: ? - help, Shift-Dir - straight line, f - endoplasm
Aim: an endoplasm (heavily wounded, 100% to hit)
The magic dart hits the endoplasm.
The endoplasm is almost dead.
The endoplasm freezes you.
You are frozen.
You die...

######### #.. ####>......# ##.#
#....#####.# # ...# ♣.♣♣.# #.# #.
#..# ♣♣♣.♣♣♣♣ #.# #.#.###..#
♣PP.PP♣♣ #.# #.#...#..# PP...PP♣♣
##.# ........#
P.....P♣♣..#.########..###.#....#
...⌠............@Jg.......P......
P.....P♣♣#####.####.#..##.P...#.#
PP...PP♣♣#...#... ......P....)
♣PP.PP♣♣.#...##### .#.#.P..♣..#..
♣♣♣.♣♣♣♣.#...# .#.#. ♣P..###
#♣♣.♣♣...#...######...#. ♣♣P...#
......)..#..........###.P ♣♣♣..#
#........#..........+.... ♣P..#
#........###........# #..♣♣ ♣....


You could see an endoplasm and a goblin.

Vanquished Creatures
  A bat (D:1)
  3 endoplasms (D:1)
  A giant cockroach (D:1)
  2 goblins (D:1)
  2 quokkas (D:1)
  2 ball pythons (D:1)
  A frilled lizard (D:1)
  2 kobolds (D:1)
  2 rats (D:1)
16 creatures vanquished.

Vanquished Creatures (others)
  A plant (D:1)
1 creature vanquished.

Grand Total: 17 creatures vanquished

Notes
Turn   | Place    | Note
-------+----------+-------------------------------------------
     0 | D:1      | hawla the Felid Conjurer began the quest for the Orb.
     0 | D:1      | Reached XP level 1. HP: 7/7 MP: 4/4
   322 | D:1      | Found Ryokugh's General Store.
   511 | D:1      | Reached XP level 2. HP: 11/11 MP: 6/6
   514 | D:1      | Learned a level 2 spell: Searing Ray
   526 | D:1      | Reached skill level 4 in Conjurations
  1171 | D:1      | Frozen to death by an endoplasm

Illustrated notes

Levels and vault maps discovered:
D:1:      spicycebolla_green_bress_n_ham_2, layout_basic, serial_shops, shop,
          hellmonk_ecumenical_altar_leap_of_faith, serial_forest,
          infiniplex_forest_lined_corner, infiniplex_forest_clump_small,
          infiniplex_forest_clump_diagonal, infiniplex_forest_join,
          infiniplex_forest_fountain, infiniplex_forest_clump_long,
          infiniplex_forest_pool, infiniplex_forest_end_2

Skill      XL: |  1  2 |
---------------+-------+-----
Conjurations   | 4 |  4.0
Stealth        | 3 |  3.1
Dodging        | |  2.7
Unarmed Combat | |  0.4
Spellcasting   | |  2.0

Action                   || total
-------------------------++-------
Melee: Unarmed           ||    37
       Bite              ||     3
       Punch             ||     2
 Cast: Magic Dart        ||     9
 Stab: Sleeping          ||     5
Armor: Skin              ||     3
Dodge: Dodged            ||    16
